 Dungeon Crawl Stone Soup version 0.27-a0-1188-g73eefd5def (webtiles) character file.

Game seed: 2500538006890244956

93 freelancePsychic the Grave Robber (level 4, 0/25 (32) HPs)
             Began as a Vampire Necromancer on May 21, 2021.
             Slain by Duvessa
             ... wielding a +2 short sword of draining
              (1 damage)
             ... on level 4 of the Dungeon.
             The game lasted 00:05:37 (3010 turns).

freelancePsychic the Grave Robber (VpNe)            Turns: 3010, Time: 00:05:38

HP:   0/25 (32)     AC:  2    Str:  7    XL:     4   Next: 36%
MP:   3/8           EV: 12    Int: 18    God:
Gold: 126           SH:  0    Dex: 14    Spells: 5/9 levels left

rFire    . . .     SeeInvis +   h - +1 whip (elec)
rCold    . . .     Faith    .   (no shield)
rNeg     . . .     Spirit   .   a - +0 robe
rPois    .         Reflect  .   (no helmet)
rElec    .         Harm     .   (no cloak)
rCorr    .         Rampage  .   (no gloves)
Will     .....                  (no boots)
Stlth    +.........             (no amulet)
HPRegen  0.28/turn              (no ring)
MPRegen  0.11/turn              (no ring)

@: confused, healing quickly, heavily drained
A: alive, fangs 3, see invisible, vampiric 2
a: Exsanguinate


You were on level 4 of the Dungeon.
You visited 1 branch of the dungeon, and saw 4 of its levels.

You collected 126 gold pieces.

Inventory:

Hand Weapons
 h - a +1 whip of electrocution (weapon)
Armour
 a - a +0 robe (worn)
Scrolls
 b - a scroll of fear
 c - a scroll of magic mapping {unknown}
 e - a scroll of blinking {unknown}
 f - a scroll of enchant weapon
 j - a scroll of vulnerability {unknown}
 m - a scroll of immolation {unknown}
 p - a scroll of enchant armour {unknown}
 q - a scroll of summoning {unknown}
Potions
 d - 2 potions of might
 i - a potion of haste {unknown}
 k - 3 potions of cancellation
 l - a potion of resistance {unknown}
 n - a potion of attraction {unknown}
 o - a potion of curing {unknown}


   Skills:
 + Level 1.0 Fighting
 - Level 2.1 Dodging
 - Level 3.0 Stealth
 - Level 3.0 Spellcasting
 + Level 5.5 Necromancy


You had 5 spell levels left.
You knew the following spells:

 Your Spells              Type           Power      Damage    Failure   Level
a - Pain                  Necr           88%        1d8       1%          1
b - Vampiric Draining     Necr           11%        2d7       4%          3

Your spell library contained the following spells:

 Spells                   Type           Power      Damage    Failure   Level
 Animate Skeleton         Necr           44%        N/A       1%          1
 Animate Dead             Necr           11%        N/A       17%         4
 Agony                    Necr           22%        N/A       43%         5


Dungeon Overview and Level Annotations

Branches:
Dungeon (4/15)
 Temple: D:4-7

Altars:

Annotations:
D:4 Dowan, Duvessa


Innate Abilities, Weirdness & Mutations

Your natural rate of healing is accelerated.
You have razor-sharp teeth.
You have supernaturally acute eyesight. (SInv)
You are afflicted with vampirism and can become a bat while bloodless.


Message History

Casting: Pain (safe; 1% risk of failure)
Confirm with . or Enter, or press ? or * to list all spells.
Aiming: Vampiric Draining (dangerous; 4% risk of failure)
Press: ? - help, Shift-Dir - straight line, f - Duvessa
Aim: Duvessa, wielding a +2 short sword of draining and wearing a +0 ring mail You draw life force from Duvessa!
You feel life coursing into your body. Duvessa closely misses you.
Casting: Vampiric Draining (dangerous; 4% risk of failure)
Confirm with . or Enter, or press ? or * to list all spells.
You don't have enough magic to cast this spell.
Unknown command.
An orc wizard comes into view. It is wielding a +0 dagger.
An orc comes into view. It is wielding a +0 short sword.
The orc wizard shouts!
You hear a shout!
Dowan casts a spell at Duvessa.
Duvessa seems to speed up.
An orc comes into view. It is wielding a +0 hand axe.
An orc wizard comes into view. It is wielding a +0 dagger.
The orc shouts!
The orc wizard shouts!
You hear a shout!
Dowan mumbles some strange words.
Dowan blinks!
Duvessa hits you with a +2 short sword of draining!
You feel drained.
The orc wizard points at you and mumbles some strange words.
You are confused.
Duvessa hits you with a +2 short sword of draining.
You feel drained.
An endoplasm comes into view.
Duvessa hits you with a +2 short sword of draining.
* * * LOW HITPOINT WARNING * * *
You feel drained.
Found a hardcover book.
You bump into the metal wall.
Duvessa closely misses you. The orc wizard barely misses you.
Found 18 bolts.
You closely miss the orc.
Duvessa hits you with a +2 short sword of draining.
* * * LOW HITPOINT WARNING * * *
You feel drained.
You die...

#.....>............
........##§....#...
......#.......e..#
.........##.....##
.....#..e.#...#..# ##:
........#<######.#....
......†........#...##.
#..##.....##..eo......
.........####@o....#.
..#####........o......
.............o...
####........##....
........## .J..
.....#### #.. ..... ..
....(


You could see Duvessa (fast), Dowan, 2 orc wizards, 2 orcs and an endoplasm.

Vanquished Creatures
  2 adders
  An adder skeleton (D:4)
  A worm (D:2)
  5 orcs (D:3)
  5 ball pythons
  6 endoplasms
  4 giant cockroaches
  4 goblins
  6 hobgoblins
  A quokka (D:3)
  7 bats
  2 frilled lizards (D:2)
  9 kobolds
  4 rats
57 creatures vanquished.

Notes
Turn   | Place    | Note
-------+----------+-------------------------------------------
     0 | D:1      | freelancePsychic the Vampire Necromancer began the quest
                  | for the Orb.
     0 | D:1      | Reached XP level 1. HP: 13/13 MP: 3/3
   328 | D:1      | Reached XP level 2. HP: 15/19 MP: 0/5
  1202 | D:2      | Reached skill level 5 in Necromancy
  1202 | D:2      | Gained mutation: You are afflicted with vampirism and can
                  | become a bat while bloodless. [Vampire growth]
  1202 | D:2      | Reached XP level 3. HP: 20/24 MP: 1/7
  2039 | D:3      | Learned a level 3 spell: Vampiric Draining
  2155 | D:3      | Reached XP level 4. HP: 14/31 MP: 1/8
  2943 | D:4      | Reached skill level 1 in Fighting
  2963 | D:4      | Noticed Dowan
  2964 | D:4      | Noticed Duvessa
  3010 | D:4      | HP: 1/26 [Duvessa/+2 short sword of draining (4)]
  3010 | D:4      | Slain by Duvessa

Illustrated notes

Levels and vault maps discovered:
D:1:      eino_arrival_cavern_b, layout_loops_ring
D:2:      layout_basic, kennysheep_big_empty_room
D:3:      layout_loops_ring
D:4:      kennysheep_kobold_camp, layout_rooms, gammafunk_ghost_nasty_kobolds,
          hangedman_glass_teeth, minmay_misc_feat_five, uniq_duvessa

Skill      XL: |  1  2  3  4 |
---------------+-------------+-----
Necromancy     | 5 |  5.5
Spellcasting   | 3 |  3.0
Fighting       | 1 |  1.0
Dodging        | |  2.1
Stealth        | |  3.0

Action                   |  1- 3 |  4- 6 || total
-------------------------+-------+-------++-------
Melee: Unarmed           |     1 |       ||     1
       Whip              |    24 |     6 ||    30
       Bite              |       |     1 ||     1
 Cast: Pain              |    80 |    19 ||    99
       Vampiric Draining |     3 |     1 ||     4
  Use: Scroll            |       |     4 ||     4
 Stab: Sleeping          |       |     1 ||     1
Armor: Robe              |     6 |       ||     6
Dodge: Dodged            |    28 |     4 ||    32

Table legend: (Time is in decaauts)
 A = Elapsed time spent in this place.
 B = Non-inter-level travel time spent in this place.
 C = Inter-level travel time spent in this place.
 D = Time resting spent in this place.
 E = Time spent auto-exploring this place.
 F = Levels seen in this place.
 G = Mean time per level.
                   A        B        C        D        E       F      G
               +--------+--------+--------+--------+--------+-----+--------+
         Total |   3014 |   2936 |     78 |     95 |   2432 |   4 |  753.5 |
       Dungeon |   3014 |   2936 |     78 |     95 |   2432 |   4 |  753.5 |
               +--------+--------+--------+--------+--------+-----+--------+

Top non-repeatable levels by time:
     D:1: 1108 daAuts
     D:2: 925 daAuts
     D:3: 910 daAuts
     D:4: 70 daAuts
